 Dungeon Crawl Stone Soup version 0.27.1-35-g4d5d836560 (console) character file.

Game seed: 3921594879933690890

234268 Faeu the Invulnerable (level 18, -10/149 HPs)
             Began as a Minotaur Berserker on May 13, 2022.
             Was the Champion of Trog.
             Mangled by an azure jelly (40 damage)
             ... on level 3 of the Pits of Slime.
             The game lasted 04:23:38 (51318 turns).

Faeu the Invulnerable (Minotaur Berserker)         Turns: 51318, Time: 04:23:39

Health: -10/149    AC: 36    Str: 32    XL:     18   Next: 87%
Magic:  18/18      EV: 10    Int:  4    God:    Trog [******]
Gold:   2850       SH: 14    Dex: 10    Spells: 17/17 levels left

rFire    . . .     SeeInvis +   D - +12 war axe {flame, Str+2 SInv Stlth+, axe}
rCold    . . .     Faith    +   g - +1 kite shield {reflect}
rNeg     . . .     Spirit   .   M - +10 crystal plate armour {rare=g}
rPois    .         Reflect  +   (helmet restricted)
rElec    .         Harm     .   R - +0 cloak
rCorr    .         Rampage  .   I - +0 pair of gloves
Will     ++...     Rnd*Rage +   H - +0 pair of boots Stlth ..........Rnd*Tele +
                                F - amulet of faith {!P}
HPRegen  0.34/turn              e - +4 ring of protection
MPRegen  0.16/turn              l - ring of willpower

@: about to teleport, corroded
A: horns 2, retaliatory headbutt, berserk 1, low mp 1, sense surroundings 1,
shaggy fur 1, teleportitis 1, no potion heal 1
}: 1/15 runes: gossamer
a: Renounce Religion, Berserk, Trog's Hand, Brothers in Arms


You were on level 3 of the Pits of Slime.
You worshipped Trog.
Trog was exalted by your worship.
You visited 7 branches of the dungeon, and saw 34 of its levels.
You visited the Abyss 1 time.
You also visited: Sewer and Bailey.

You collected 2990 gold pieces.
You spent 140 gold pieces at shops.


Innate Abilities, Weirdness & Mutations

You have a pair of horns on your head.
You reflexively headbutt those who attack you in melee.
You tend to lose your temper in combat.
Your magical capacity is low. (-10% MP)
You passively map a small area around you.
You are covered in fur. (AC +1)
You are occasionally teleported next to monsters.
Potions are less effective at restoring your health.


   Skills:
 + Level 10.9 Fighting
 - Level 16.2(17.7) Axes
 - Level 12.7(16.0) Maces & Flails
 O Level 27 Armour
 - Level 8.6 Dodging
 - Level 11.0 Shields
 - Level 4.7 Invocations
 - Level 3.6 Evocations


You had 17 spell levels left.
You didn't know any spells.
Your spell library contained the following spells:

 Spells                   Type           Power      Damage    Failure   Level
 Apportation              Tloc           0%         N/A       99%         1
 Beastly Appendage        Tmut           0%         N/A       99%         1
 Magic Dart               Conj           0%         1d3       99%         1
 Searing Ray              Conj           0%         3d3       100%        2
 Slow                     Hex            0%         N/A       100%        2
 Wereblood                Tmut           0%         N/A       100%        2
 Confusing Touch          Hex            0%         N/A       100%        3
 Frozen Ramparts          Ice            0%         1d2       100%        3
 Ozocubu's Armour         Ice            0%         N/A       100%        3
 Spider Form              Tmut/Pois      0%         N/A       100%        3
 Tukima's Dance           Hex            0%         N/A       100%        3
 Fulminant Prism          Conj/Hex       0%         3d6       100%        4
 Ice Form                 Ice/Tmut       0%         N/A       100%        4
 Iskenderun's Mystic Bla  Conj/Tloc      0%         2d3       100%        4
 Passage of Golubria      Tloc           N/A        N/A       100%        4
 Petrify                  Tmut/Erth      0%         N/A       100%        4
 Summon Ice Beast         Ice/Summ       0%         N/A       100%        4
 Alistair's Intoxication  Tmut/Pois      0%         N/A       100%        5
 Fireball                 Conj/Fire      0%         3d3       100%        5
 Lee's Rapid Deconstruct  Erth           0%         3d5*      100%        5
 Metabolic Englaciation   Hex/Ice        0%         N/A       100%        5
 Summon Forest            Summ/Tloc      0%         N/A       100%        5
 Summon Mana Viper        Hex/Summ       0%         N/A       100%        5
 Yara's Violent Unravell  Hex/Tmut       0%         3d3       100%        5
 Invisibility             Hex            0%         N/A       100%        6
 Shadow Creatures         Summ           N/A        N/A       100%        6
 Starburst                Conj/Fire      0%         6d3       100%        6
 Statue Form              Tmut/Erth      0%         N/A       100%        6
 Monstrous Menagerie      Summ           0%         N/A       100%        7
 Ozocubu's Refrigeration  Ice            0%         4d5       100%        7
 Ignition                 Fire           0%         3d3       100%        8
 Chain Lightning          Conj/Air       0%         N/A       100%        9
 Fire Storm               Conj/Fire      0%         5d1       100%        9

Inventory:

Hand Weapons
 a - a +9 eveningstar of venom {macerare=g}
   (You took it off Urug on level 1 of the Orcish Mines)
 b - the +8 hand axe of Internal Strife {vorpal, rPois Will+ Dex+3, axe}
   (You found it on level 15 of the Dungeon)

   It inflicts extra damage upon your enemies.
   Dex:       It affects your dexterity (+3).
   rPois:     It protects you from poison.
   Will:      It increases your willpower.
 D - the +12 war axe of Trog's Envy (weapon) {flame, Str+2 SInv Stlth+, axe}
   (Trog gifted it to you on level 6 of the Lair of Beasts)

   It burns those it strikes, dealing additional fire damage.
   Big, fiery blades are also staple armaments of hydra-hunters.
   Str:       It affects your strength (+2).
   SInv:      It lets you see invisible.
   Stlth:     It makes you more stealthy.
 L - a +7 antimagic flail {mace}
   (Trog gifted it to you on level 1 of the Spider Nest)
Missiles
 r - 10 atropa-tipped darts {throwing}
 u - 7 silver javelins {throwing}
 E - 135 poisoned darts (quivered) {throwing}
 S - 9 curare-tipped darts {=fthrowing}
Armour
 c - a +1 chain mail of willpower
   (You found it on level 8 of the Dungeon)
 g - a +1 kite shield of reflection (worn)
   (You took it off a tengu warrior on level 10 of the Dungeon)
 v - the +0 chain mail of Decompression {rF+ rN+++ Will- MP+9}
   (You took it off an orc knight on level 14 of the Dungeon)

   rF:        It protects you from fire.
   rN:        It renders you almost immune to negative energy.
   MP:        It affects your magic capacity (+9).
   Will:      It decreases your willpower.
 y - a +2 chain mail of cold resistance
   (You took it off an orc warlord on level 1 of the Orcish Mines)
 H - a +0 pair of boots (worn)
   (You found it on level 10 of the Dungeon)
 I - a +0 pair of gloves (worn)
   (You found it on level 5 of the Dungeon)
 M - a +10 crystal plate armour (worn) {rare=g}
   (You took it off an orc warrior in a bailey)
 R - a +0 cloak (worn)
   (You found it on level 6 of the Dungeon)
Jewellery
 e - a +4 ring of protection (left hand)
   (You found it on level 8 of the Dungeon)
 k - a ring of fire
   (You found it on level 6 of the Lair of Beasts)
 l - a ring of willpower (right hand)
   (You found it on level 4 of the Lair of Beasts)
 x - a ring of protection from cold
   (You found it on level 2 of the Spider Nest)
 C - a +6 ring of intelligence
   (You found it on level 2 of the Spider Nest)
 F - an amulet of faith (around neck) {!P}
   (You took it off a kobold on level 4 of the Dungeon)
 X - the ring of Attitude {Fire Dex+4}
   (You found it on level 10 of the Dungeon)

   [ring of fire]

   It enhances your fire magic.
   Dex:       It affects your dexterity (+4).
   rF:        It protects you from fire.
   rC:        It makes you vulnerable to cold.
 Z - the ring of Biepp {rC+ Str+6 Dex+4}
   (You found it on level 10 of the Dungeon)

   [ring of protection from cold]

   Str:       It affects your strength (+6).
   Dex:       It affects your dexterity (+4).
   rC:        It protects you from cold.
Wands
 d - a wand of iceblast (23)
   (You found it on level 8 of the Dungeon)
 o - a wand of paralysis (23)
   (You found it on level 14 of the Dungeon)
 w - a wand of digging (7)
   (You found it on level 3 of the Dungeon)
 z - a wand of flame (46)
   (You found it on level 10 of the Dungeon)
 T - a wand of acid (52)
   (You found it on level 7 of the Dungeon)
 U - a wand of mindburst (14)
   (You found it on level 11 of the Dungeon)
Scrolls
 h - 2 scrolls of teleportation {@r4}
 i - 3 scrolls of acquirement
 j - 3 scrolls of blinking {!r}
 m - 6 scrolls of fear
 p - 5 scrolls of fog
 s - 8 scrolls of enchant weapon
 t - a scroll of silence {!r}
 O - a scroll of summoning
Potions
 f - 3 potions of cancellation
 q - 6 potions of haste {@q3}
 A - 5 potions of might
 B - 3 potions of mutation {!q}
 G - 8 potions of attraction {!q}
 J - 7 potions of invisibility
 K - 2 potions of heal wounds {@q2}
 N - 5 potions of resistance
 Q - a potion of flight
 V - 4 potions of curing {@q1}
Miscellaneous
 n - a tin of tremorstones (2/2) {throwing}
   (You found it on level 5 of the Lair of Beasts)
 P - a lightning rod (4/4)
   (You found it on level 14 of the Dungeon)
 W - a phial of floods
   (You found it on level 1 of the Lair of Beasts)
 Y - a phantom mirror
   (You found it on level 1 of the Lair of Beasts)

Dungeon Overview and Level Annotations

Branches:
Dungeon (15/15)            Temple (0/1) D:7            Lair (6/6) D:8
 Spider (4/4) Lair:3        Slime (4/5) Lair:6          Orc (2/2) D:9
    Elf (0/3) Orc:2        Vaults (2/5) D:14         Depths (1/5) D:15
  Sewer (visited)          Bailey (visited)
  Swamp: Lair:2-4    Shoals: Lair:2-4     Crypt: Vaults:2-3

Altars:
Dithmenos
Elyvilon
Gozag
Hepliaklqana
Ru
Uskayaw
Vehumet
Wu Jian
Xom
Yredelemnul

Shops:
D:9 ?   D:12 (   Orc:1 *   Orc:2 !=!(

Portals:
Pandemonium: Orc:2

Annotations:
D:11 Maurice
Lair:1 exclusion: 4 oklob plants
Vaults:2 Aizul, Boris

** ######## ######## ##
##.#..#.###..#.#.## ##.
.........#........# #..
.................#######.
,
................##.##.#..
.......................#.
,.......J.................
,
...J..JJ@........##......
........J........#.......
................###......
..................###....
,
....................#....
................#........
................##......#
, .............#..
###....# , * ##...# , ,
##.## , , ,, * ...*


You could see 2 acid blobs, 2 azure jellies and a slime creature.


Message History

😕 HP[+1] Unknown command. 😕 HP[+1] 😕 HP[+1] No target in view!
HP restored.
There is a stone staircase leading down here.
Partly explored, can't reach some places. 😎 HP[+2] No target in view!
Partly explored, can't reach some places.
You are splashed with acid! 😕 HP[-10]
You take 10 damage, and now have 139/149 hp.
You are splashed with acid! 😕 HP[-11]
You take 11 damage, and now have 128/149 hp.
You are splashed with acid! 😕 HP[-10]
You take 10 damage, and now have 118/149 hp.
You are splashed with acid! 😮 HP[-8]
You take 8 damage, and now have 110/149 hp. 😮 HP[+1]
You start resting.
A slime creature comes into view. 😕 HP[+11]
You regained 11 hp, and now have 122/149 hp. 😕 HP[+1] No target in view!
HP restored.
An acid blob comes into view.
The acid blob quivers. 😎 HP[+26]
The acid blob spits acid at you. The splash of acid hits you.
You are splashed with acid! 😕 HP[-10]
You take 10 damage, and now have 139/149 hp.
An acid blob comes into view.
The acid blob spits acid at you.
The splash of acid hits you but does no damage.
The acid corrodes you!
You are splashed with acid! 😕 HP[-8]
You take 8 damage, and now have 131/149 hp.
The acid blob spits acid at you.
The splash of acid hits you but does no damage.
You are splashed with acid! 😕 HP[-8]
You take 8 damage, and now have 123/149 hp. 2 azure jellies come into view.
The azure jelly quivers. x2 😕 HP[+1]
You slice the acid blob!! You burn the acid blob! The acid corrodes you!
Your hands burn!
You headbutt the acid blob. The acid blob spits acid at you.
The splash of acid hits you but does no damage.
The acid corrodes you!
You are splashed with acid!
The acid blob hits you but does no damage. 😕 HP[-9]
You take 9 damage, and now have 115/149 hp.
You hit the acid blob. You burn the acid blob.
Your hands burn!
The acid blob barely misses you. The acid blob spits acid at you.
The splash of acid hits you but does no damage.
You are splashed with acid! 😮 HP[-16]
You take 16 damage, and now have 99/149 hp.
You hit the acid blob. You burn the acid blob.
Your hands burn!
You headbutt the acid blob. The acid blob spits acid at you.
The splash of acid hits you but does no damage.
You are splashed with acid!
The acid blob spits acid at you. The splash of acid hits you!
* * * LOW HITPOINT WARNING * * *
You are splashed with acid!
* * * LOW HITPOINT WARNING * * *
😨 HP[-41]
You take 41 damage, and now have 58/149 hp.
MASSIVE DAMAGE!! (PAUSE)
As you read the scroll of teleportation {@r4}, it crumbles to dust.
You feel strangely unstable. The acid blob spits acid at you.
The splash of acid hits you but does no damage.
You are splashed with acid!
* * * LOW HITPOINT WARNING * * *
😨 HP[-13]
You take 13 damage, and now have 45/149 hp.
The acid blob spits acid at you. The splash of acid hits you!
* * * LOW HITPOINT WARNING * * *
The acid corrodes you!
You are splashed with acid!
* * * LOW HITPOINT WARNING * * *
😱 HP[-22]
You take 22 damage, and now have 23/149 hp.
Your system partially rejects the healing.
You feel much better. The azure jelly hits you.
* * * LOW HITPOINT WARNING * * *
The azure jelly freezes you!!!
You die...

Skill      XL: |  1  2  3  4  5  6  7  8  9 10 11 12 13 14 15 16 17 18 |
---------------+-------------------------------------------------------+-----
Fighting       | 4 5 6 7 9 10 | 10.9
Axes           | 4 5 6 7 9 10 12 16 | 16.2
Armour         | 3 4 5 6 7 9 10 12 13 17 21 23 25 27 | 27.0
Dodging        | 3 4 5 6 8 |  8.6
Evocations     | 3 |  3.6
Shields        | 4 5 9 11 | 11.0
Maces & Flails | 1 12 | 12.7
Invocations    | 4 |  4.7

Action                   |  1- 3 |  4- 6 |  7- 9 | 10-12 | 13-15 | 16-18 || total
-------------------------+-------+-------+-------+-------+-------+-------++-------
Melee: Hand axe          |    88 |   111 |       |       |   276 |   782 ||  1257
       Headbutt          |    13 |    19 |    60 |   180 |   300 |   406 ||   978
       Spear             |       |    13 |   348 |   433 |       |       ||   794
       Dire flail        |       |       |       |   108 |       |       ||   108
       Broad axe         |       |       |       |   298 |    13 |       ||   311
       Eveningstar       |       |       |       |       |   638 |    59 ||   697
       War axe           |       |       |       |       |       |   646 ||   646
       Flail             |       |       |       |       |       |    15 ||    15
Throw: Stone             |       |       |     7 |       |       |       ||     7
       Dart              |       |       |       |     7 |    19 |    27 ||    53
       Javelin           |       |       |       |       |       |     1 ||     1
Invok: Berserk           |       |     2 |     1 |    10 |     8 |    11 ||    32
       Brothers in Arms  |       |       |       |       |     1 |       ||     1
Evoke: Wand              |       |       |       |     3 |     1 |    15 ||    19
  Use: Potion            |       |     1 |     2 |     2 |     2 |     9 ||    16
       Scroll            |       |       |       |    21 |    21 |     9 ||    51
 Stab: Sleeping          |     1 |       |       |       |       |       ||     1
       Paralysed         |       |       |       |       |       |     2 ||     2
Armor: Animal skin       |    19 |    10 |     7 |       |       |       ||    36
       Chain mail        |       |       |   112 |    49 |     6 |    74 ||   241
       Plate armour      |       |       |       |   258 |       |       ||   258
       Crystal plate arm |       |       |       |   161 |   537 |  1290 ||  1988
Dodge: Dodged            |    53 |    76 |   185 |   268 |   269 |   578 ||  1429
Block: Kite shield       |       |       |       |   331 |   581 |  1106 ||  2018
       Reflection        |       |       |       |     8 |    31 |    18 ||    57

Levels and vault maps discovered:
D:1:      ncdulo_smallfort, layout_loops_cross,
          hellmonk_ecumenical_altar_lost_god, minmay_tiny_reverse_x
D:2:      layout_basic, minmay_tree_intersection, lightli_corner_chamber
D:3:      layout_loops_cross, amethyst_killhole, uniq_robin, uniq_jessica
D:4:      layout_cave_pods, overflow_temple_1_default, uniq_eustachio
D:5:      layout_cave_pools, grunt_gozag_statues, marbit_many_paths,
          portal_sewer_entry_d
D:6:      layout_cave_pools
D:7:      layout_cave_pods, lemuel_temple_firewalk_b
D:8:      layout_cave_pods, erik_lair_orcish_takeover,
          ebering_ghost_disaster_area, uniq_maggie
D:9:      layout_roguey, nicolae_wu_jian_glorious_leap, david_orc_4,
          serial_shops, nicolae_square_shop, grunt_ministairs_7
D:10:     layout_long_grid, lemuel_crystal_altar,
          gammafunk_temple_overflow_forgotten, gammafunk_ghost_icy,
          minmay_crystal_water, kennysheep_island_fort
D:11:     layout_loops_ring, enter_bailey_5, st_stairs_12,
          kennysheep_flooded_box, uniq_maurice
D:12:     layout_roguey, serial_shops, kennysheep_little_box, drop_trap
D:13:     layout_basic, uniq_nessos, uniq_rupert
D:14:     layout_basic, david_vaults_1, minmay_misc_feat_four_crosses,
          nooodl_orcs_dogs
D:15:     grunt_enter_depths_snipers, layout_cave_pools, vehumet_crystals
Lair:1:   layout_gridlike, small_statue_intersection, nzn_random_ring,
          minmay_lair_oklob_chamber, serial_bayou_shore_b, grunt_megastairs_3,
          infiniplex_staircase_pool_2, uniq_gastronok
Lair:2:   layout_long_grid
Lair:3:   layout_layer_cave, spider_nest_entry_web_field, grunt_megastairs_4
Lair:4:   layout_hall_layers, minmay_shoals_entry_lonely_mermaid, special_room
          [special_room_bee], fungi_pond_lemuel, st_stairs_3
Lair:5:   layout_misc_corridors, forest_entry_grove, infiniplex_staircase_pool,
          lemuel_fruit_tree, lemuel_fruit_fields, uniq_sonja
Lair:6:   minmay_lair_end_enchanted_forest, layout_cave_pods,
          minmay_slime_entry_jelly_boxes, gauntlet_entry_generic
Spider:1: layout_spider_delve
Spider:2: layout_spider_delve
Spider:3: layout_spider_delve
Spider:4: guppyfry_spider_rune, nicolae_spider_stair_cavern, uniq_arachne
Slime:1:  layout_caves
Slime:2:  layout_caves
Slime:3:  layout_caves, nicolae_slime_barrier, nicolae_slime_phagocytosis
Slime:4:  layout_caves
Orc:1:    layout_caves, serial_shops, shop, minmay_shop_enchanted_jewellery,
          nicolae_orc_tapped_out, uniq_erica, uniq_urug
Orc:2:    pf_orc_diabolical, layout_diamond_mine, uniq_erolcha
Vaults:1: hangedman_vaults_snaps, ontoclasm_vaults_idyll, st_spiral_rooms,
          vaults_room_fours, v_misc_27, nicolae_vaults_ring_of_whatevers,
          ontoclasm_vaults_claustrophobia, hangedman_vaults_pinch,
          vaults_dpeg_ring, grunt_vaults_bifocal, dpeg_vaults_monster_row,
          v_alt_pattern_2, ontoclasm_vaults_idyll, ontoclasm_vaults_ring_square,
          layout_vaults_maze
Vaults:2: hangedman_vaults_corner_blocks, nicolae_vaults_diagonal_hallway_8,
          minmay_crypt_entry_simple_plaza, serial_ice_b, v_misc_24, v_misc_14,
          st_cross, nicolae_vaults_rhombus_7, nicolae_vaults_alarming,
          vaults_dpeg_diagonal, layout_vaults_omnicross, uniq_aizul, uniq_boris
Depths:1: layout_cave_pools, enter_ziggurat_d, nicolae_sif_muna_condensation,
          grunt_hell_entry_dis_grunt, ebering_ghost_xom, pan_entry,
          minmay_misc_feat_ornament, st_stairs_1, nicolae_ru_path_of_blood,
          serial_bayou_shore_b, minmay_shoptagon, firewood_loft

Notes
Turn   | Place    | Note
-------+----------+-------------------------------------------
     0 | D:1      | Faeu the Minotaur Berserker began the quest for the Orb.
     0 | D:1      | Reached XP level 1. HP: 19/19 MP: 0/0
     0 | D:1      | magus.rc [v1.9.6]
   428 | D:1      | Reached XP level 2. HP: 20/27 MP: 1/1
   498 | D:1      | You pick up a book of Changes {forbidden} and begin
                  | reading...
   498 | D:1      | You add the spells Beastly Appendage, Wereblood and Spider
                  | Form to your library.
   916 | D:1      | Reached skill level 4 in Fighting
  1053 | D:1      | Found a faded altar of an unknown god.
  1059 | D:1      | Reached skill level 4 in Axes
  1265 | D:2      | Reached ** piety under Trog
  1266 | D:2      | Reached skill level 3 in Armour
  1304 | D:2      | Reached XP level 3. HP: 28/33 MP: 2/2
  1645 | D:2      | You pick up a book of Rime {forbidden} and begin reading...
  1645 | D:2      | You add the spells Frozen Ramparts, Ice Form and Summon Ice
                  | Beast to your library.
  1672 | D:2      | You pick up a book of Blasting {forbidden} and begin
                  | reading...
  1672 | D:2      | You add the spells Fulminant Prism, Iskenderun's Mystic
                  | Blast and Lee's Rapid Deconstruction to your library.
  1986 | D:3      | Noticed Robin
  1989 | D:3      | Reached skill level 3 in Dodging
  1992 | D:3      | Reached XP level 4. HP: 28/41 MP: 3/3
  2014 | D:3      | Noticed Jessica
  2028 | D:2      | Killed Robin
  2255 | D:2      | magus.rc [v1.9.6]
  2269 | D:3      | Killed Jessica
  3032 | D:3      | Reached XP level 5. HP: 44/47 MP: 4/4
  3201 | D:4      | Found a hide-covered altar of Uskayaw.
  3567 | D:4      | Reached *** piety under Trog
  3679 | D:4      | Reached skill level 5 in Fighting
  3679 | D:4      | Reached skill level 5 in Axes
  3679 | D:4      | Reached skill level 4 in Armour
  3861 | D:4      | Noticed Eustachio
  3898 | D:4      | HP: 16/72 [iron imp[Eustachio] (6)]
  3902 | D:4      | Killed Eustachio
  3903 | D:4      | Reached skill level 4 in Dodging
  3903 | D:4      | Reached XP level 6. HP: 20/56 MP: 5/5
  4556 | D:5      | Entered Level 5 of the Dungeon
  4586 | D:5      | Found an opulent altar of Gozag.
  4754 | D:5      | Reached skill level 5 in Armour
  4772 | D:5      | Reached XP level 7. HP: 23/62 MP: 6/6
  4852 | D:5      | Found a glowing drain.
  5146 | Sewer    | Entered a sewer
  5244 | Sewer    | Reached skill level 6 in Axes
  5313 | Sewer    | Reached skill level 6 in Fighting
  5466 | Sewer    | Reached **** piety under Trog
  5625 | Sewer    | Reached skill level 5 in Dodging
  6280 | D:5      | Reached skill level 6 in Armour
  6416 | D:5      | Reached XP level 8. HP: 67/70 MP: 7/7
  6644 | D:5      | Reached skill level 7 in Axes
  6665 | D:5      | Found a white marble altar of Elyvilon.
  6744 | D:6      | Reached skill level 7 in Fighting
  6912 | D:6      | Reached skill level 6 in Dodging
  7215 | D:6      | Reached skill level 7 in Armour
  7696 | D:7      | Reached ***** piety under Trog
  7736 | D:7      | Reached XP level 9. HP: 77/81 MP: 8/8
  7800 | D:7      | Reached skill level 8 in Fighting
  7800 | D:7      | Reached skill level 8 in Axes
  8070 | D:7      | Reached skill level 7 in Dodging
  8541 | D:7      | Found a staircase to the Ecumenical Temple.
  8937 | D:8      | You pick up a book of Misfortune {forbidden} and begin
                  | reading...
  8937 | D:8      | You add the spells Slow, Confusing Touch and Yara's Violent
                  | Unravelling to your library.
  9021 | D:8      | Reached skill level 8 in Armour
  9188 | D:8      | Found a large runed translucent door.
  9190 | D:8      | Found a large runed translucent door.
  9192 | D:8      | Noticed Delamore's ghost (journeyman OpBr)
  9199 | D:8      | Identified a +2 robe of the Archmagi
  9244 | D:8      | Killed Delamore's ghost
  9245 | D:8      | Reached skill level 9 in Fighting
  9245 | D:8      | Reached skill level 9 in Axes
  9250 | D:8      | Reached skill level 8 in Dodging
  9614 | D:8      | Reached skill level 9 in Armour
  9614 | D:8      | Reached XP level 10. HP: 73/91 MP: 9/9
  9730 | D:8      | Noticed a two-headed ogre
  9752 | D:8      | Killed a two-headed ogre
  9912 | D:8      | Noticed Maggie
  9933 | D:8      | Killed Maggie
 10204 | D:8      | Identified 2 scrolls of acquirement
 10357 | D:8      | Found a staircase to the Lair.
 10871 | D:8      | Reached skill level 10 in Axes
 10881 | D:8      | Reached skill level 10 in Fighting
 10881 | D:8      | Reached skill level 1 in Evocations
 11187 | D:9      | Found Bubail's Magic Scroll Shop.
 11322 | D:9      | Reached skill level 2 in Evocations
 11335 | D:9      | Reached skill level 10 in Armour
 11673 | D:9      | Identified the +2 arbalest of Spores {freeze, rElec rPois
                  | Will+ Str-2}
 12005 | D:9      | Found an ornate altar of the Wu Jian Council.
 12029 | D:9      | Reached skill level 3 in Evocations
 12420 | D:9      | Received a gift from Trog
 12463 | D:9      | Reached XP level 11. HP: 68/101 MP: 10/10
 12759 | D:9      | Found a staircase to the Orcish Mines.
 12917 | D:10     | Entered Level 10 of the Dungeon
 12927 | D:10     | Found a runed translucent gate.
 12928 | D:10     | Found a runed translucent gate.
 12928 | D:10     | Found a runed translucent gate.
 12979 | D:10     | Noticed makewrite's ghost (journeyman HOMo)
 13165 | D:10     | Noticed a shock serpent
 13169 | D:10     | Noticed a swamp dragon
 13169 | D:10     | a shock serpent changed into a swamp dragon
 13170 | D:10     | a swamp dragon changed into a jumping spider
 13286 | D:10     | Reached skill level 11 in Axes
 13334 | D:10     | Noticed a great orb of eyes
 13337 | D:10     | a great orb of eyes changed into a slime creature
 13435 | D:10     | Found a shimmering altar of Xom.
 13725 | D:10     | Noticed a fire crab
 13725 | D:10     | a tarantella changed into a fire crab
 13726 | D:10     | a fire crab changed into a faun
 13732 | D:10     | Reached skill level 11 in Armour
 14024 | D:10     | Noticed a tengu warrior
 14047 | D:10     | Killed a tengu warrior
 14308 | D:10     | HP: 29/151 [slime creature (13)]
 14312 | D:10     | Reached skill level 12 in Axes
 14314 | D:10     | HP: 9/151 [slime creature (10)]
 14848 | D:10     | Reached skill level 1 in Shields
 15036 | D:10     | Reached skill level 12 in Armour
 15036 | D:10     | Reached skill level 2 in Shields
 15194 | D:10     | Found a basalt altar of Yredelemnul.
 15194 | D:10     | Found a shadowy altar of Dithmenos.
 15194 | D:10     | Found a sacrificial altar of Ru.
 15527 | D:11     | Noticed a centaur warrior
 15552 | D:11     | Killed a centaur warrior
 15553 | D:11     | Reached skill level 3 in Shields
 15581 | D:11     | Noticed a two-headed ogre
 15767 | D:11     | Reached skill level 4 in Shields
 15788 | D:11     | Received a gift from Trog
 15807 | D:11     | Killed a two-headed ogre
 15808 | D:11     | Reached XP level 12. HP: 99/108 MP: 11/11
 15953 | D:11     | Found a flagged portal.
 15961 | Bailey   | Entered a bailey
 16015 | Bailey   | Identified a +0 crystal plate armour
 16046 | Bailey   | M - a +0 crystal plate armour {rare=g}
 16057 | Bailey   | You finish putting on your +0 crystal plate armour
                  | {rare=g}.
 16065 | Bailey   | your +0 crystal plate armour {rare=g} glows green for a
                  | moment.
 16066 | Bailey   | your +1 crystal plate armour {rare=g} glows green for a
                  | moment.
 16067 | Bailey   | your +2 crystal plate armour {rare=g} glows green for a
                  | moment.
 16068 | Bailey   | your +3 crystal plate armour {rare=g} glows green for a
                  | moment.
 16069 | Bailey   | your +4 crystal plate armour {rare=g} glows green for a
                  | moment.
 16266 | Bailey   | Identified a +0 crystal plate armour
 16431 | Bailey   | a +0 halberd {polearm}; a +0 crystal plate armour {rare=g}
 16439 | Bailey   | a +0 halberd {polearm}; a +0 crystal plate armour {rare=g}
 16465 | Bailey   | HP: 18/162 [orc knight (38)]
 16470 | Bailey   | HP: 15/162 [orc warrior (5)]
 16471 | Bailey   | Reached skill level 13 in Axes
 16471 | Bailey   | Reached skill level 5 in Shields
 16822 | Bailey   | a +0 halberd {polearm}; a +0 crystal plate armour {rare=g}
 16834 | Bailey   | a +0 halberd {polearm}; a +0 crystal plate armour {rare=g}
 16864 | Bailey   | a +0 halberd {polearm}; a +0 crystal plate armour {rare=g}
 16881 | Bailey   | HP: 39/162 [orc knight (7)]
 16916 | Bailey   | HP: 27/108 [orc warrior (16)]
 16918 | Bailey   | HP: 8/108 [orc priest/divine providence[an orc warrior]
                  | (14)]
 17174 | Bailey   | a +0 halberd {polearm}; a +0 crystal plate armour {rare=g}
 17190 | Bailey   | a +0 halberd {polearm}; a +0 crystal plate armour {rare=g}
 17208 | Bailey   | Reached skill level 13 in Armour
 17304 | Bailey   | a +0 halberd {polearm}; a +0 crystal plate armour {rare=g}
 17360 | Bailey   | a +0 halberd {polearm}; a +0 crystal plate armour {rare=g}
 17390 | Bailey   | a +0 halberd {polearm}; a +0 crystal plate armour {rare=g}
 17390 | Bailey   | a +0 halberd {polearm}; a +0 crystal plate armour {rare=g}
 17390 | Bailey   | a +0 halberd {polearm}; a +0 crystal plate armour {rare=g}
 17390 | Bailey   | a +0 halberd {polearm}; a +0 crystal plate armour {rare=g}
 17411 | Bailey   | c - a +0 crystal plate armour {rare=g}
 17476 | D:11     | You pick up a book of Annihilations {forbidden} and begin
                  | reading...
 17476 | D:11     | You add the spells Chain Lightning and Fire Storm to your
                  | library.
 17859 | D:11     | Found a hazy altar of Hepliaklqana.
 17859 | D:11     | Noticed a centaur warrior
 17864 | D:11     | Killed a centaur warrior
 17931 | D:11     | Reached skill level 14 in Axes
 17964 | D:11     | Noticed Maurice
 18079 | Orc:1    | Entered Level 1 of the Orcish Mines
 18084 | Orc:1    | Noticed an orc high priest
 18086 | Orc:1    | Noticed Erica
 18104 | D:9      | Reached ****** piety under Trog
 18115 | D:9      | Killed an orc high priest
 18115 | D:9      | Received a gift from Trog
 18666 | D:10     | Reached skill level 15 in Axes
 18697 | D:10     | Killed makewrite's ghost
 18812 | D:10     | Identified the ring of Biepp {rC+ Str+6 Dex+4}
 18822 | D:10     | You drop a +0 crystal plate armour {rare=g}.
 18826 | D:10     | Got the ring of Attitude {Fire Dex+4}
 18835 | D:10     | g - a +0 crystal plate armour {rare=g}
 19019 | D:9      | Killed Erica
 19110 | Orc:1    | Reached skill level 16 in Axes
 19110 | Orc:1    | Found Noesaghu's General Store.
 19179 | Orc:1    | Noticed Urug
 19201 | Orc:1    | Killed Urug
 19221 | Orc:1    | You drop a +0 crystal plate armour {rare=g}.
 19227 | Orc:1    | g - a +7 eveningstar {macerare=g}
 19228 | Orc:1    | your +7 eveningstar {macerare=g} is engulfed in flames!
 19228 | Orc:1    | g - a +7 eveningstar of flaming {macerare=g}
 19233 | Orc:1    | o - a +0 crystal plate armour {rare=g}
 19248 | Orc:1    | Reached skill level 1 in Maces & Flails
 19255 | Orc:1    | Reached XP level 13. HP: 72/115 MP: 12/12
 19255 | Orc:1    | Noticed an orc warlord
 19264 | Orc:1    | Killed an orc warlord
 19265 | Orc:1    | Reached skill level 3 in Maces & Flails
 19549 | Orc:1    | your +7 eveningstar of flaming {macerare=g} bursts into
                  | flame!
 19549 | Orc:1    | g - a +7 eveningstar of flaming (weapon) {macerare=g}
 19552 | Orc:1    | magus.rc [v1.9.6]
 19810 | Orc:1    | You drop a +0 crystal plate armour {rare=g}.
 19819 | Orc:1    | o - a +0 crystal plate armour {rare=g}
 19835 | Orc:2    | Entered Level 2 of the Orcish Mines
 19844 | Orc:2    | Reached skill level 4 in Maces & Flails
 20081 | Orc:2    | Noticed an ettin
 20153 | Orc:2    | Killed an ettin
 20154 | Orc:2    | Reached skill level 5 in Maces & Flails
 20603 | Orc:2    | Found Xozeynadd's Distillery.
 20605 | Orc:2    | Found Pergh's Distillery.
 20627 | Orc:2    | Reached skill level 6 in Maces & Flails
 20680 | Orc:2    | Received a gift from Trog
 20686 | Orc:2    | HP: 40/172 [orc warrior (23)]
 20700 | Orc:2    | Paralysed by an orc sorcerer for 3 turns
 20926 | Orc:2    | Reached skill level 7 in Maces & Flails
 21218 | Orc:2    | Reached skill level 8 in Maces & Flails
 21236 | Orc:2    | Reached skill level 9 in Maces & Flails
 21662 | Orc:2    | Reached skill level 10 in Maces & Flails
 21747 | Orc:2    | Identified a +2 robe of the Archmagi
 21750 | Orc:2    | Paralysed by an orc sorcerer for 3 turns
 21755 | Orc:2    | Reached skill level 11 in Maces & Flails
 21909 | Orc:2    | Hit: g) +7 eveningstar (flame) {macerare=g}
 21909 | Orc:2    | Hit: g) +7 eveningstar (flame) {macerare=g}
 21909 | Orc:2    | Hit: g) +7 eveningstar (flame) {macerare=g}
 21909 | Orc:2    | Hit: g) +7 eveningstar (flame) {macerare=g}
 21909 | Orc:2    | Hit: g) +7 eveningstar (flame) {macerare=g}
 21909 | Orc:2    | Hit: g) +7 eveningstar (flame) {macerare=g}
 21909 | Orc:2    | Hit: g) +7 eveningstar (flame) {macerare=g}
 21909 | Orc:2    | Hit: g) +7 eveningstar (flame) {macerare=g}
 21909 | Orc:2    | Hit: g) +7 eveningstar (flame) {macerare=g}
 21909 | Orc:2    | Hit: g) +7 eveningstar (flame) {macerare=g}
 21909 | Orc:2    | Hit: g) +7 eveningstar (flame) {macerare=g}
 22042 | Orc:2    | Found Cerhaasu's Jewellery Boutique.
 22042 | Orc:2    | Found Papyipra's Antique Weapon Shop.
 22042 | Orc:2    | Found a one-way gate leading to the halls of Pandemonium.
 22125 | Orc:2    | Bought 2 potions of heal wounds for 140 gold pieces
 22452 | Orc:2    | Noticed Erolcha
 22453 | Orc:2    | Hit: g) +7 eveningstar (flame) {macerare=g}
 22453 | Orc:2    | Hit: g) +7 eveningstar (flame) {macerare=g}
 22453 | Orc:2    | Hit: g) +7 eveningstar (flame) {macerare=g}
 22453 | Orc:2    | Hit: g) +7 eveningstar (flame) {macerare=g}
 22453 | Orc:2    | Hit: g) +7 eveningstar (flame) {macerare=g}
 22453 | Orc:2    | Hit: g) +7 eveningstar (flame) {macerare=g}
 22453 | Orc:2    | Hit: g) +7 eveningstar (flame) {macerare=g}
 22453 | Orc:2    | Hit: g) +7 eveningstar (flame) {macerare=g}
 22453 | Orc:2    | Hit: g) +7 eveningstar (flame) {macerare=g}
 22453 | Orc:2    | Hit: g) +7 eveningstar (flame) {macerare=g}
 22453 | Orc:2    | Hit: g) +7 eveningstar (flame) {macerare=g}
 22453 | Orc:2    | Hit: g) +7 eveningstar (flame) {macerare=g}
 22453 | Orc:2    | Hit: g) +7 eveningstar (flame) {macerare=g}
 22453 | Orc:2    | Hit: g) +7 eveningstar (flame) {macerare=g}
 22453 | Orc:2    | Hit: g) +7 eveningstar (flame) {macerare=g}
 22453 | Orc:2    | Hit: g) +7 eveningstar (flame) {macerare=g}
 22453 | Orc:2    | Hit: g) +7 eveningstar (flame) {macerare=g}
 22479 | Orc:2    | Killed Erolcha
 22533 | Orc:2    | Found a staircase to the Elven Halls.
 22563 | Orc:2    | Reached skill level 12 in Maces & Flails
 22684 | Orc:2    | You drop a +0 crystal plate armour {rare=g}.
 22687 | Orc:2    | o - a +0 crystal plate armour {rare=g}
 22869 | Lair:1   | Entered Level 1 of the Lair of Beasts
 22869 | Lair:1   | Noticed Gastronok
 22870 | Lair:1   | Hit: g) +7 eveningstar (flame) {macerare=g}
 22870 | Lair:1   | Hit: g) +7 eveningstar (flame) {macerare=g}
 22870 | Lair:1   | Hit: g) +7 eveningstar (flame) {macerare=g}
 22870 | Lair:1   | Hit: g) +7 eveningstar (flame) {macerare=g}
 22870 | Lair:1   | Hit: g) +7 eveningstar (flame) {macerare=g}
 22870 | Lair:1   | Hit: g) +7 eveningstar (flame) {macerare=g}
 22870 | Lair:1   | Hit: g) +7 eveningstar (flame) {macerare=g}
 22870 | Lair:1   | Hit: g) +7 eveningstar (flame) {macerare=g}
 22870 | Lair:1   | Hit: g) +7 eveningstar (flame) {macerare=g}
 22870 | Lair:1   | Aim: Gastronok, wearing the +3 hat of Pondering {ponderous,
                  | Will+ MP+10 Int+5} (about 5% to evade your +7 eveningstar
                  | of flaming)
 22870 | Lair:1   | Hit: g) +7 eveningstar (flame) {macerare=g}
 22870 | Lair:1   | Aim: Gastronok, wearing the +3 hat of Pondering {ponderous,
                  | Will+ MP+10 Int+5} (about 5% to evade your +7 eveningstar
                  | of flaming)
 23683 | D:12     | Received a gift from Trog
 23684 | D:12     | Reached XP level 14. HP: 115/122 MP: 13/13
 24316 | D:12     | Found Vononkur's Antique Weapon Shop.
 24413 | D:13     | Reached skill level 14 in Armour
 24674 | D:13     | You pick up a book of Conjurations {forbidden@e2} and begin
                  | reading...
 24674 | D:13     | You add the spells Magic Dart and Searing Ray to your
                  | library.
 24692 | D:13     | Noticed Rupert
 24693 | D:13     | Hit: g) +7 eveningstar (flame) {macerare=g}
 24693 | D:13     | Hit: g) +7 eveningstar (flame) {macerare=g}
 24693 | D:13     | Hit: g) +7 eveningstar (flame) {macerare=g}
 24693 | D:13     | Hit: g) +7 eveningstar (flame) {macerare=g}
 24693 | D:13     | Hit: g) +7 eveningstar (flame) {macerare=g}
 24693 | D:13     | Hit: g) +7 eveningstar (flame) {macerare=g}
 24693 | D:13     | Hit: g) +7 eveningstar (flame) {macerare=g}
 24693 | D:13     | Hit: g) +7 eveningstar (flame) {macerare=g}
 24693 | D:13     | Hit: g) +7 eveningstar (flame) {macerare=g}
 24693 | D:13     | Hit: g) +7 eveningstar (flame) {macerare=g}
 24693 | D:13     | Hit: g) +7 eveningstar (flame) {macerare=g}
 24693 | D:13     | Hit: g) +7 eveningstar (flame) {macerare=g}
 24693 | D:13     | Hit: g) +7 eveningstar (flame) {macerare=g}
 24693 | D:13     | Hit: g) +7 eveningstar (flame) {macerare=g}
 24693 | D:13     | Hit: g) +7 eveningstar (flame) {macerare=g}
 24693 | D:13     | Hit: g) +7 eveningstar (flame) {macerare=g}
 24693 | D:13     | Hit: g) +7 eveningstar (flame) {macerare=g}
 24717 | D:13     | Paralysed by Rupert for 3 turns
 24721 | D:13     | Killed Rupert
 24992 | D:13     | Reached skill level 15 in Armour
 25136 | D:13     | Noticed Nessos
 25149 | D:13     | Killed Nessos
 25415 | D:14     | You drop a +0 crystal plate armour {rare=g}.
 25438 | D:14     | o - a +0 crystal plate armour {rare=g}
 25627 | D:14     | Identified the +0 chain mail of Decompression {rF+ rN+++
                  | Will- MP+9}
 25737 | D:14     | Reached skill level 16 in Armour
 25897 | D:14     | Received a gift from Trog
 25916 | D:14     | v - a +2 eveningstar {macerare=g}
 26490 | D:14     | You drop a +2 eveningstar {macerare=g}.
 26494 | D:14     | a +2 eveningstar {macerare=g}; a +0 bardiche of pain
                  | {forbiddenpolearm}; 25 stones {throwing}
 26494 | D:14     | a +2 eveningstar {macerare=g}; a +0 bardiche of pain
                  | {forbiddenpolearm}; 25 stones {throwing}
 26494 | D:14     | a +2 eveningstar {macerare=g}; a +0 bardiche of pain
                  | {forbiddenpolearm}; 25 stones {throwing}
 26494 | D:14     | a +2 eveningstar {macerare=g}; a +0 bardiche of pain
                  | {forbiddenpolearm}; 25 stones {throwing}
 26494 | D:14     | a +2 eveningstar {macerare=g}; a +0 bardiche of pain
                  | {forbiddenpolearm}; 25 stones {throwing}
 26494 | D:14     | a +2 eveningstar {macerare=g}; a +0 bardiche of pain
                  | {forbiddenpolearm}; 25 stones {throwing}
 26552 | D:14     | a +2 eveningstar {macerare=g}; a +0 bardiche of pain
                  | {forbiddenpolearm}; 25 stones {throwing}
 26552 | D:14     | a +2 eveningstar {macerare=g}; a +0 bardiche of pain
                  | {forbiddenpolearm}; 25 stones {throwing}
 26552 | D:14     | a +2 eveningstar {macerare=g}; a +0 bardiche of pain
                  | {forbiddenpolearm}; 25 stones {throwing}
 26633 | D:14     | Reached skill level 17 in Armour
 26919 | D:14     | Found a gate to the Vaults.
 26975 | D:14     | You drop a +0 crystal plate armour {rare=g}.
 26977 | D:14     | a +0 crystal plate armour {rare=g}; a +1 ring mail of
                  | poison resistance
 26977 | D:14     | a +0 crystal plate armour {rare=g}; a +1 ring mail of
                  | poison resistance
 27137 | D:14     | a +2 eveningstar {macerare=g}; a +0 bardiche of pain
                  | {forbiddenpolearm}; 25 stones {throwing}
 27143 | D:14     | a +2 eveningstar {macerare=g}; a +0 bardiche of pain
                  | {forbiddenpolearm}; 25 stones {throwing}
 27155 | D:15     | Entered Level 15 of the Dungeon
 27734 | D:15     | Identified the +8 hand axe of Internal Strife {vorpal,
                  | rPois Will+ Dex+3}
 27817 | D:15     | Found a radiant altar of Vehumet.
 27820 | D:15     | Reached XP level 15. HP: 128/128 MP: 14/14
 27893 | D:15     | Hit: g) +7 eveningstar (flame) {macerare=g}
 27893 | D:15     | Hit: g) +7 eveningstar (flame) {macerare=g}
 27893 | D:15     | Hit: g) +7 eveningstar (flame) {macerare=g}
 27904 | D:15     | You finish taking off your +5 crystal plate armour
                  | {rare=g}.
 28225 | D:15     | Reached skill level 18 in Armour
 28236 | D:15     | Received a gift from Trog
 28274 | D:15     | You finish putting on your +5 crystal plate armour
                  | {rare=g}.
 28469 | D:15     | your +7 eveningstar of flaming {macerare=g} glows red for a
                  | moment.
 28470 | D:15     | your +8 eveningstar of flaming {macerare=g} glows red for a
                  | moment.
 28513 | D:15     | You add the spells Ozocubu's Armour and Ozocubu's
                  | Refrigeration to your library.
 28598 | D:15     | Found a staircase to the Depths.
 28962 | Lair:1   | Hit: g) +9 eveningstar (flame) {macerare=g}
 28962 | Lair:1   | Hit: g) +9 eveningstar (flame) {macerare=g}
 28962 | Lair:1   | Hit: g) +9 eveningstar (flame) {macerare=g}
 28962 | Lair:1   | Hit: g) +9 eveningstar (flame) {macerare=g}
 28962 | Lair:1   | Hit: g) +9 eveningstar (flame) {macerare=g}
 28962 | Lair:1   | Hit: g) +9 eveningstar (flame) {macerare=g}
 28962 | Lair:1   | Hit: g) +9 eveningstar (flame) {macerare=g}
 28962 | Lair:1   | Aim: Gastronok, wearing the +3 hat of Pondering {ponderous,
                  | Will+ MP+10 Int+5} (about 5% to evade your +9 eveningstar
                  | of flaming)
 28962 | Lair:1   | Hit: g) +9 eveningstar (flame) {macerare=g}
 28962 | Lair:1   | Aim: Gastronok, wearing the +3 hat of Pondering {ponderous,
                  | Will+ MP+10 Int+5} (about 5% to evade your +9 eveningstar
                  | of flaming)
 28970 | Lair:1   | Killed Gastronok
 29074 | D:8      | your +9 eveningstar of flaming {macerare=g} stops flaming.
 29084 | Lair:1   | your +5 crystal plate armour {rare=g} glows green for a
                  | moment.
 29085 | Lair:1   | your +6 crystal plate armour {rare=g} glows green for a
                  | moment.
 29086 | Lair:1   | your +7 crystal plate armour {rare=g} glows green for a
                  | moment.
 29087 | Lair:1   | your +8 crystal plate armour {rare=g} glows green for a
                  | moment.
 29450 | Lair:1   | your +9 eveningstar of flaming {macerare=g} bursts into
                  | flame!
 29450 | Lair:1   | g - a +9 eveningstar of flaming (weapon) {macerare=g}
 29455 | Lair:1   | Reached skill level 19 in Armour
 29690 | Lair:1   | g - a +9 eveningstar of flaming (weapon) {macerare=g}
 29690 | Lair:1   | a - a +9 eveningstar of flaming (weapon) {macerare=g}
 29690 | Lair:1   | your +9 eveningstar of flaming {macerare=g} stops flaming.
 29691 | Lair:1   | your +9 eveningstar of flaming {macerare=g} bursts into
                  | flame!
 29691 | Lair:1   | a - a +9 eveningstar of flaming (weapon) {macerare=g}
 29692 | Lair:1   | your +9 eveningstar of flaming {macerare=g} stops flaming.
 29693 | Lair:1   | your +9 eveningstar of flaming {macerare=g} bursts into
                  | flame!
 29693 | Lair:1   | a - a +9 eveningstar of flaming (weapon) {macerare=g}
 29694 | Lair:1   | your +9 eveningstar of flaming {macerare=g} stops flaming.
 29695 | Lair:1   | your +9 eveningstar of flaming {macerare=g} bursts into
                  | flame!
 29695 | Lair:1   | a - a +9 eveningstar of flaming (weapon) {macerare=g}
 29696 | Lair:1   | your +9 eveningstar of flaming {macerare=g} stops flaming.
 29697 | Lair:1   | your +9 eveningstar of flaming {macerare=g} bursts into
                  | flame!
 29697 | Lair:1   | a - a +9 eveningstar of flaming (weapon) {macerare=g}
 29811 | Lair:1   | your +9 eveningstar of flaming {macerare=g} stops flaming.
 29850 | Lair:1   | your +9 crystal plate armour {rare=g} glows green for a
                  | moment.
 31063 | Lair:3   | You fall into a shaft and drop 2 floors!
 31260 | Lair:3   | You finish taking off your +10 crystal plate armour
                  | {rare=g}.
 31278 | Lair:3   | You finish putting on your +10 crystal plate armour
                  | {rare=g}.
 31470 | Lair:3   | Received a gift from Trog
 31661 | Lair:3   | Found a hole to the Spider Nest.
 32021 | Lair:4   | You add the spells Tukima's Dance and Passage of Golubria
                  | to your library.
 32112 | Lair:4   | Reached skill level 20 in Armour
 32550 | Lair:4   | You fall into a shaft and drop 1 floor!
 32563 | Lair:5   | Noticed Sonja
 32573 | Lair:5   | Killed Sonja
 32721 | Lair:5   | your +9 eveningstar of flaming {macerare=g} bursts into
                  | flame!
 32721 | Lair:5   | a - a +9 eveningstar of flaming (weapon) {macerare=g}
 32864 | Lair:5   | your +9 eveningstar of flaming {macerare=g} stops flaming.
 33040 | Lair:5   | your +9 eveningstar of flaming {macerare=g} bursts into
                  | flame!
 33040 | Lair:5   | a - a +9 eveningstar of flaming (weapon) {macerare=g}
 33058 | Lair:5   | Identified the +2 battleaxe "Dohen" {vorpal, +Blink} (Trog
                  | gifted it to you on level 5 of the Lair of Beasts)
 33058 | Lair:5   | Received a gift from Trog
 33212 | Lair:5   | your +9 eveningstar of flaming {macerare=g} stops flaming.
 33415 | Lair:6   | Entered Level 6 of the Lair of Beasts
 33510 | Lair:6   | your +9 eveningstar of flaming {macerare=g} bursts into
                  | flame!
 33510 | Lair:6   | a - a +9 eveningstar of flaming (weapon) {macerare=g}
 33521 | Lair:6   | Reached skill level 21 in Armour
 33528 | Lair:6   | Reached XP level 16. HP: 105/136 MP: 15/15
 33862 | Lair:6   | your +9 eveningstar of flaming {macerare=g} stops flaming.
 33874 | Lair:6   | your +9 eveningstar of flaming {macerare=g} bursts into
                  | flame!
 33874 | Lair:6   | a - a +9 eveningstar of flaming (weapon) {macerare=g}
 33892 | Lair:6   | Identified the +12 war axe of Trog's Envy {flame, Str+2
                  | SInv Stlth+} (Trog gifted it to you on level 6 of the Lair
                  | of Beasts)
 33892 | Lair:6   | Received a gift from Trog
 33909 | Lair:6   | your +9 eveningstar of flaming {macerare=g} stops flaming.
 33927 | Lair:6   | Found a staircase to the Slime Pits.
 34141 | Lair:6   | Reached skill level 22 in Armour
 34550 | Lair:6   | Received a gift from Trog
 34893 | Lair:6   | You pick up a book of Fire {forbidden} and begin reading...
 34893 | Lair:6   | You add the spells Fireball, Starburst and Ignition to your
                  | library.
 35454 | Spider:1 | Entered Level 1 of the Spider Nest
 35474 | Spider:1 | Received a gift from Trog
 35512 | Spider:1 | You pick up a book of Beasts {forbidden} and begin
                  | reading...
 35512 | Spider:1 | You add the spells Summon Mana Viper and Monstrous
                  | Menagerie to your library.
 35802 | Spider:1 | You pick up a book of Party Tricks {forbidden} and begin
                  | reading...
 35802 | Spider:1 | You add the spells Apportation, Alistair's Intoxication and
                  | Invisibility to your library.
 35890 | Spider:1 | You pick up a book of the Dryads {forbidden} and begin
                  | reading...
 35890 | Spider:1 | You add the spells Summon Forest and Shadow Creatures to
                  | your library.
 35990 | Spider:2 | Reached skill level 23 in Armour
 36203 | Spider:2 | Identified the +3 hunting sling of Unpleasantness {vorpal,
                  | rF+ Dex+3 SInv}
 37476 | Spider:3 | Received a gift from Trog
 37892 | Spider:3 | Reached XP level 17. HP: 124/143 MP: 16/16
 38340 | Spider:3 | Reached skill level 24 in Armour
 38572 | Spider:3 | Received a gift from Trog
 38947 | Spider:3 | You pick up a book of Sloth {forbidden} and begin
                  | reading...
 38947 | Spider:3 | You add the spells Petrify, Metabolic Englaciation and
                  | Statue Form to your library.
 39364 | Spider:4 | Entered Level 4 of the Spider Nest
 40114 | Spider:4 | Noticed Arachne
 40321 | Spider:4 | HP: 34/143 [Arachne (8)]
 40326 | Spider:4 | HP: 32/143 [Arachne (2)]
 40327 | Spider:4 | Killed Arachne
 41048 | Spider:4 | Received a gift from Trog
 41379 | Spider:4 | Reached skill level 25 in Armour
 42474 | Spider:4 | Reached skill level 6 in Shields
 43195 | Spider:4 | Reached skill level 7 in Shields
 43674 | Spider:3 | Received a gift from Trog
 44178 | Spider:4 | Reached skill level 8 in Shields
 44342 | Spider:4 | You pick up a book of Fire {forbidden} and begin reading...
 44352 | Spider:4 | Got a gossamer rune of Zot
 45035 | Vaults:1 | Entered Level 1 of the Vaults
 45041 | Vaults:1 | You finish taking off your +10 crystal plate armour
                  | {rare=g}.
 45311 | Vaults:1 | Reached skill level 9 in Shields
 45316 | Vaults:1 | Reached XP level 18. HP: 114/149 MP: 17/17
 45840 | Vaults:1 | Noticed a dread lich
 45851 | Vaults:1 | Paralysed by a dread lich for 7 turns
 45874 | Vaults:1 | Killed a dread lich
 45874 | Vaults:1 | You are cast into the Abyss!
 45874 | Vaults:1 | Cast into level 2 of the Abyss (a wizard)
 45875 | Abyss:2  | Reached skill level 10 in Shields
 45918 | Abyss:2  | Reached skill level 26 in Armour
 45929 | Abyss:2  | Gained mutation: You are frail. (-10% HP) [a neqoxec]
 45940 | Vaults:1 | You pass through the gate.
 45940 | Vaults:1 | Escaped the Abyss
 46211 | D:14     | You finish putting on your +10 crystal plate armour
                  | {rare=g}.
 46400 | Vaults:1 | your +9 eveningstar of flaming {macerare=g} drips with
                  | poison.
 46400 | Vaults:1 | a - a +9 eveningstar of venom {macerare=g}
 46639 | Vaults:1 | Received a gift from Trog
 46649 | Vaults:1 | Reached skill level 11 in Shields
 48243 | Vaults:2 | Noticed Boris
 48248 | Vaults:2 | Noticed Aizul
 48251 | Vaults:2 | HP: 23/134 [Aizul/bolt of poison (26)]
 48252 | Vaults:2 | Reached skill level 27 in Armour
 48256 | Vaults:2 | HP: 28/134 [poisoned by Aizul (bolt of poison)]
 48262 | Vaults:2 | HP: 16/134 [boulder beetle (23)]
 48271 | Vaults:2 | HP: 5/134 [boulder beetle (14)]
 48693 | Depths:1 | Entered Level 1 of the Depths
 49194 | Slime:1  | Entered Level 1 of the Pits of Slime
 49216 | Slime:1  | Reached skill level 1 in Invocations
 49503 | Slime:1  | Gained mutation: Potions are less effective at restoring
                  | your health. [a shining eye]
 49504 | Slime:1  | Gained mutation: Your flesh is cold resistant. (rC+) [a
                  | shining eye]
 49512 | Slime:1  | Lost mutation: Potions are less effective at restoring your
                  | health. [potion of mutation]
 49512 | Slime:1  | Lost mutation: Your flesh is cold resistant. (rC+) [potion
                  | of mutation]
 49512 | Slime:1  | Lost mutation: You are frail. (-10% HP) [potion of
                  | mutation]
 49512 | Slime:1  | Gained mutation: Potions are less effective at restoring
                  | your health. [potion of mutation]
 49512 | Slime:1  | Gained mutation: You are covered in fur. (AC +1) [potion of
                  | mutation]
 49512 | Slime:1  | Gained mutation: You are occasionally teleported next to
                  | monsters. [potion of mutation]
 49512 | Slime:1  | Gained mutation: You passively map a small area around you.
                  | [potion of mutation]
 49601 | Slime:1  | Gained mutation: Your magical capacity is low. (-10% MP) [a
                  | shining eye]
 49604 | Slime:1  | Reached skill level 2 in Invocations
 50048 | Slime:1  | You finish taking off your +10 crystal plate armour
                  | {rare=g}.
 50304 | Slime:3  | Reached skill level 3 in Invocations
 50589 | Slime:3  | Reached skill level 4 in Invocations
 50593 | Slime:3  | HP: 15/149 [disintegration (34)]
 51024 | Slime:3  | You finish putting on your +10 crystal plate armour
                  | {rare=g}.
 51042 | Slime:4  | Gained mutation: You tend to lose your temper in combat. [a
                  | shining eye]
 51044 | Slime:4  | Received a gift from Trog
 51317 | Slime:3  | HP: 36/149 [acid blob/splash of acid (9)]
 51318 | Slime:3  | Mangled by an azure jelly

Vanquished Creatures
  A dread lich (Vaults:1)
  Arachne (Spider:4)
  Rupert (D:13)
  An acid blob (Slime:1)
  Gastronok (Lair:1)
  A tentacled starspawn (Abyss:2)
  An azure jelly (Slime:3)
  2 vault wardens
  3 ghost moths (Spider:4)
  An orc warlord (Orc:1)
  10 emperor scorpions
  A quicksilver ooze (shapeshifter) (Vaults:1)
  4 ironbound preservers (Vaults:1)
  A stone giant (D:15)
  A war gargoyle (Vaults:1)
  2 quicksilver oozes
  Nessos (D:13)
  2 dire elephants (Vaults:1)
  4 entropy weavers
  2 spark wasps
  An ettin (Orc:2)
  A yaktaur captain (Vaults:1)
  A great orb of eyes (Slime:3)
  2 vault guards
  The ghost of makewrite the Severer, a journeyman HOMo of Beogh (D:10)
  3 boulder beetles
  An ironbound thunderhulk (Vaults:1)
  10 hydras
  Erolcha (Orc:2)
  12 centaur warriors
  Erica (D:9)
  An ironbound frostheart (Vaults:1)
  The ghost of Delamore the Slicer, a journeyman OpBr of Gozag (D:8)
  An anaconda (shapeshifter) (Vaults:1)
  6 two-headed ogres
  15 death yaks
  A thrashing horror (Abyss:2)
  An ironbound beastmaster (Vaults:1)
  3 tengu warriors
  7 orc high priests
  Urug (Orc:1)
  Sonja (Lair:5)
  An iron troll (D:15)
  3 skeletal warriors (D:14)
  8 deep trolls (Vaults:1)
  A torturous demonspawn (Orc:2)
  An infernal demonspawn (Orc:2)
  6 ironbound convokers
  2 necromancers
  A deep elf pyromancer (D:14)
  An oklob plant (Lair:6)
  3 wizards
  14 orc knights
  3 manticores
  16 orb spiders
  5 harpies (Vaults:2)
  3 shining eyes
  11 orc sorcerers
  10 ugly things
  28 wolf spiders
  A faun (shapeshifter) (D:10)
  A worldbinder (Abyss:2)
  5 cyclopes
  7 black mambas
  9 vault sentinels
  13 elephants
  An eye of devastation (Slime:2)
  A black mamba (shapeshifter) (D:13)
  25 cane toads
  2 torpor snails (Lair:6)
  3 rime drakes
  A gargoyle (D:12)
  A freezing wraith (D:15)
  An orange demon (Orc:2)
  14 komodo dragons
  16 yaktaurs
  16 demonic crawlers
  Maggie (D:8)
  2 ice devils (Orc:2)
  An efreet (D:14)
  A tengu conjurer (D:10)
  15 trolls
  21 jumping spiders
  9 meliai
  13 hornets
  A queen bee (Lair:4)
  A queen bee (shapeshifter) (D:13)
  5 polar bears
  44 slime creatures
  15 dream sheep (Lair:6)
  8 blink frogs
  A large abomination (Vaults:1)
  3 centaur simulacra (D:10)
  13 spriggans
  35 tarantellas
  57 redbacks
  2 shadows
  3 wyverns
  2 wraiths
  A water elemental (D:14)
  53 yaks
  2 ynoxinuls (Orc:2)
  Eustachio (D:4)
  A vampire (D:13)
  2 basilisks
  A neqoxec (Abyss:2)
  A chaos spawn (Orc:2)
  2 steam dragons
  2 vampire mosquitoes (D:12)
  13 wargs
  An acid dragon (D:11)
  8 water moccasins
  4 hell hounds (Abyss:2)
  A sky beast (D:6)
  2 ice beasts (D:10)
  43 orc warriors
  7 black bears
  A necrophage (D:7)
  6 ogres
  10 centaurs
  4 boggarts (Lair:6)
  38 wolves
  3 phantoms
  A kobold brigand (D:11)
  13 bullfrogs
  A wyvern zombie (D:7)
  A scorpion (D:4)
  A water moccasin skeleton (D:7)
  8 wights
  31 killer bees
  7 electric eels
  13 howler monkeys
  3 centaur zombies
  4 hounds
  19 orc priests
  15 jellies
  Jessica (D:3)
  A centaur skeleton (D:7)
  3 iguanas
  17 orc wizards
  Robin (D:2)
  A howler monkey zombie (D:9)
  A howler monkey skeleton (D:7)
  14 adders
  8 gnolls
  3 river rats (Sewer)
  A shadow imp (D:6)
  4 white imps
  2 ufetubi
  An adder skeleton (D:4)
  A worm (D:4)
  3 dart slugs
  93 orcs
  9 endoplasms
  4 giant cockroaches
  10 hobgoblins
  2 quokkas
  14 ball pythons
  5 bats
  5 frilled lizards
  16 goblins
  12 kobolds
  32 rats
  A bush (Lair:6)
1189 creatures vanquished.

Vanquished Creatures (others)
  An ironbound convoker (Vaults:2)
  An orc (Orc:1)
  A bush (D:10)
  31 fungi
  38 plants
  2 starspawn tentacles (Abyss:2)
74 creatures vanquished.

Grand Total: 1263 creatures vanquished

Table legend:
 A = Non-vault XP
 B = Vault XP
 C = Vault XP percentage of total XP
 D = Non-vault monster count
 E = Vault monster count
 F = Vault count percentage of total count
                 A         B        C        D         E       F
            +---------+---------+-------+---------+---------+-------
      Total |  232443 |  133228 |  36.4 |     757 |     432 |  36.3
            +---------+---------+-------+---------+---------+-------
        D:1 |      33 |       2 |   5.7 |      20 |       2 |   9.1
        D:2 |      31 |      16 |  34.0 |      10 |       1 |   9.1
        D:3 |      63 |      60 |  48.8 |      17 |      13 |  43.3
        D:4 |     141 |     202 |  58.9 |      18 |       1 |   5.3
        D:5 |     680 |     141 |  17.2 |      14 |       2 |  12.5
        D:6 |     729 |       0 |   0.0 |      14 |       0 |   0.0
        D:7 |    1108 |       0 |   0.0 |      20 |       0 |   0.0
        D:8 |    1638 |    2538 |  60.8 |      17 |      15 |  46.9
        D:9 |    5791 |    1817 |  23.9 |      50 |      17 |  25.4
       D:10 |    6486 |    3575 |  35.5 |      30 |      13 |  30.2
       D:11 |    6747 |     226 |   3.2 |      29 |       5 |  14.7
       D:12 |    6142 |       0 |   0.0 |      14 |       0 |   0.0
       D:13 |    8001 |    3828 |  32.4 |      19 |       2 |   9.5
       D:14 |   14984 |    5783 |  27.8 |      28 |      17 |  37.8
       D:15 |   12923 |    3186 |  19.8 |      26 |       3 |  10.3
     Lair:1 |    3814 |    7649 |  66.7 |      12 |      21 |  63.6
     Lair:2 |    2613 |       0 |   0.0 |       9 |       0 |   0.0
     Lair:3 |    2850 |     145 |   4.8 |      13 |       1 |   7.1
     Lair:4 |    2413 |    2454 |  50.4 |       7 |      21 |  75.0
     Lair:5 |   10334 |    1925 |  15.7 |      27 |       8 |  22.9
     Lair:6 |   32228 |    9098 |  22.0 |      79 |      57 |  41.9
   Spider:1 |    6126 |       0 |   0.0 |      21 |       0 |   0.0
   Spider:2 |    8880 |       0 |   0.0 |      23 |       0 |   0.0
   Spider:3 |   26571 |    7573 |  22.2 |      71 |       8 |  10.1
   Spider:4 |   20528 |   21805 |  51.5 |      50 |      30 |  37.5
    Slime:1 |    5213 |       0 |   0.0 |       5 |       0 |   0.0
    Slime:2 |    1278 |       0 |   0.0 |       4 |       0 |   0.0
    Slime:3 |    6719 |     779 |  10.4 |      12 |       3 |  20.0
    Slime:4 |     583 |       0 |   0.0 |       1 |       0 |   0.0
      Orc:1 |    3787 |     835 |  18.1 |      20 |       1 |   4.8
      Orc:2 |    4737 |   16766 |  78.0 |      27 |      62 |  69.7
   Vaults:1 |   10234 |   37025 |  78.3 |      19 |      38 |  66.7
   Vaults:2 |   12957 |    1505 |  10.4 |      21 |       3 |  12.5
    Abyss:2 |    5081 |       0 |   0.0 |      10 |       0 |   0.0
      Sewer |       0 |     351 | 100.0 |       0 |      48 | 100.0
     Bailey |       0 |    3944 | 100.0 |       0 |      40 | 100.0
            +---------+---------+-------+---------+---------+-------

Illustrated notes

Table legend:
 A = Kills in this place as a percentage of kills in entire the game.
 B = Kills by you in this place as a percentage of kills by you in the entire game.
 C = Kills by friends in this place as a percentage of kills by friends in the entire game.
 D = Other kills in this place as a percentage of other kills in the entire game.
 E = Experience gained in this place as a percentage of experience gained in the entire game.
 F = Experience gained in this place divided by the number of levels of this place that you have seen.
                   A       B       C       D       E      F
               +-------+-------+-------+-------+-------+----------------------
         Total | 100.0 | 100.0 |   N/A | 100.0 | 100.0 | 9883.0
       Dungeon |  35.1 |  35.1 |   N/A |   0.0 |  23.8 | 5791.4
          Lair |  21.4 |  21.5 |   N/A |   0.0 |  20.7 | 12587.2
   Spider Nest |  17.1 |  17.1 |   N/A |   0.0 |  25.0 | 22870.8
    Slime Pits |   2.1 |   2.1 |   N/A |   0.0 |   4.0 | 3643.0
  Orcish Mines |   9.3 |   9.3 |   N/A |   0.0 |   7.1 | 13062.5
        Vaults |   6.8 |   6.7 |   N/A | 100.0 |  16.9 | 30860.5
         Abyss |   0.8 |   0.8 |   N/A |   0.0 |   1.4 | 5081.0
         Sewer |   4.0 |   4.0 |   N/A |   0.0 |   0.1 | 351.0
        Bailey |   3.4 |   3.4 |   N/A |   0.0 |   1.1 | 3944.0
               +-------+-------+-------+-------+-------+----------------------

Table legend: (Time is in decaauts)
 A = Elapsed time spent in this place.
 B = Non-inter-level travel time spent in this place.
 C = Inter-level travel time spent in this place.
 D = Time resting spent in this place.
 E = Time spent auto-exploring this place.
 F = Levels seen in this place.
 G = Mean time per level.
                   A        B        C        D        E       F      G
               +--------+--------+--------+--------+--------+-----+--------+
         Total |  51323 |  48949 |   2374 |  15790 |  19597 |  37 | 1387.1 |
       Dungeon |  24613 |  22910 |   1703 |   6530 |  11161 |  15 | 1640.9 |
          Lair |   6814 |   6452 |    362 |   1116 |   3651 |   6 | 1135.7 |
   Spider Nest |   9241 |   9106 |    135 |   4650 |   1854 |   4 | 2310.2 |
    Slime Pits |   1860 |   1860 |      0 |    872 |    495 |   4 |  465.0 |
  Orcish Mines |   3609 |   3515 |     94 |    916 |    945 |   2 | 1804.5 |
        Vaults |   2861 |   2783 |     78 |    791 |    885 |   2 | 1430.5 |
        Depths |      1 |      1 |      0 |      0 |      0 |   1 |    1.0 |
         Abyss |     70 |     70 |      0 |      0 |      0 |   1 |   70.0 |
         Sewer |    736 |    736 |      0 |      0 |    538 |   1 |  736.0 |
        Bailey |   1513 |   1513 |      0 |    914 |     66 |   1 | 1513.0 |
               +--------+--------+--------+--------+--------+-----+--------+

Top non-repeatable levels by time:
Spider:3: 3986 daAuts
     D:9: 3364 daAuts
    D:14: 2939 daAuts
Spider:4: 2861 daAuts
    D:10: 2649 daAuts
   Orc:2: 2508 daAuts
Vaults:1: 2487 daAuts
     D:8: 2416 daAuts
  Lair:6: 1984 daAuts
Spider:2: 1688 daAuts
    D:11: 1558 daAuts
  Bailey: 1513 daAuts
    D:15: 1503 daAuts
     D:5: 1477 daAuts
     D:4: 1446 daAuts
